 Dungeon Crawl Stone Soup version 0.28.0-1-gb440e238dd (webtiles) character file.

Game seed: 17465513643018348367

17516 issech the Basher (level 12, -3/106 HPs)
             Began as a Troll Monk on Feb 24, 2022.
             Was a High Priest of Hepliaklqana.
             Shot with an arrow by a centaur warrior (30 damage)
             ... on level 13 of the Dungeon.
             The game lasted 00:57:53 (12782 turns).

issech the Basher (Troll Monk)                     Turns: 12782, Time: 00:57:54

Health: -3/106     AC: 11    Str: 28    XL:     12   Next: 19%
Magic:  11/11      EV: 16    Int:  6    God:    Hepliaklqana [*****.]
Gold:   1028       SH:  0    Dex: 16    Spells: 11/11 levels left

rFire   . . .      SeeInvis .   Q - +5 giant spiked club (spect)
rCold   . . .      Faith    .   (shield currently unavailable)
rNeg    . . .      Spirit   .   M - +0 acid dragon scales
rPois   .          Reflect  .   K - +1 hat
rElec   .          Harm     .   R - +0 cloak
rCorr   +          Rampage  .   (gloves unavailable)
Will    .....                   (boots unavailable)
Stlth   ++........              (no amulet)
HPRegen 1.07/turn               v - +6 ring of strength
MPRegen 0.12/turn               U - +4 ring of evasion

@: no status effects
A: reduced essence, large, unfitting armour, claws 3, regeneration 1, shaggy fur
1, tough skin 1
a: Renounce Religion, Recall Ancestor, Ancestor Identity, Transference, Idealise


You were on level 13 of the Dungeon.
You worshipped Hepliaklqana.
Hepliaklqana was extremely pleased with you.
You visited 2 branches of the dungeon, and saw 14 of its levels.

You collected 1028 gold pieces.

Inventory:

Hand Weapons
 b - a +0 dagger of distortion
 q - a +1 vorpal mace
 u - a +4 great mace of protection
 D - a +2 quarterstaff of chaos
 Q - a +5 spectral giant spiked club (weapon)
 S - the +2 falchion "Joapacij" {venom, Int+2}
   (You found it on level 8 of the Dungeon)

   It poisons the flesh of those it strikes.
   Int:       It affects your intelligence (+2).
 W - a +2 vorpal longbow
 Y - the +9 hunting sling of Soriuwki {venom, Dex+4}
   (You found it on level 9 of the Dungeon)

   Any ammunition fired from it poisons the flesh of those it strikes.
   Dex:       It affects your dexterity (+4).
 Z - a +3 flail
Missiles
 d - 368 stones
 j - a curare-tipped dart
 o - 24 poisoned darts
 r - 294 arrows
 s - 7 boomerangs
 t - 108 sling bullets
 y - 106 bolts
 N - 2 large rocks (quivered)
 V - 2 throwing nets
Armour
 a - a +0 troll leather armour
 I - a +0 kite shield
 K - a +1 hat (worn)
 M - +0 acid dragon scales (worn)
 R - a +0 cloak (worn)
 T - a +0 robe of willpower
Jewellery
 v - a +6 ring of strength (left claw)
 w - a ring of wizardry
 z - a ring of protection from fire
 U - a +4 ring of evasion (right claw)
 X - a ring of fire
Wands
 A - a wand of flame (14)
 J - a wand of iceblast (6)
Scrolls
 e - 5 scrolls of amnesia
 f - a scroll of fog
 h - 3 scrolls of blinking
 m - 3 scrolls of vulnerability
 p - 2 scrolls of brand weapon
 x - a scroll of torment
 B - 3 scrolls of magic mapping
 C - 3 scrolls of teleportation
 G - a scroll of fear
 P - 2 scrolls of immolation
Potions
 c - 3 potions of magic
 g - 6 potions of heal wounds {unknown}
 i - 3 potions of lignification
 k - 3 potions of flight {unknown}
 l - 3 potions of invisibility {unknown}
 n - 4 potions of attraction {unknown}
 E - 3 potions of haste {unknown}
 F - a potion of might {unknown}
 H - 2 potions of brilliance
 L - 7 potions of curing {unknown}
 O - a potion of ambrosia


   Skills:
 + Level 7.6 Fighting
 + Level 13.8 Maces & Flails
 + Level 2.0(8.4) Staves
 + Level 5.3 Armour
 + Level 6.3 Dodging
 + Level 3.0 Stealth


You had 11 spell levels left.
You didn't know any spells.
Your spell library contained the following spells:

 Spells                   Type           Power      Damage    Failure   Level
 Shock                    Conj/Air       0%         1d3       52%         1
 Blink                    Tloc           0%         N/A       65%         2
 Lesser Beckoning         Tloc           0%         N/A       87%         3
 Spider Form              Tmut/Pois      0%         N/A       87%         3
 Swiftness                Air            0%         N/A       87%         3
 Tukima's Dance           Hex            0%         N/A       87%         3
 Airstrike                Air            0%         N/A       99%         4
 Anguish                  Hex/Necr       0%         N/A       99%         4
 Olgreb's Toxic Radiance  Pois           0%         N/A       99%         4
 Summon Lightning Spire   Summ/Air       0%         N/A       99%         4
 Fireball                 Conj/Fire      0%         3d3       100%        5
 Iskenderun's Battlesphe  Conj           0%         2d6       100%        5
 Manifold Assault         Tloc           0%         N/A       100%        5
 Summon Forest            Summ/Tloc      0%         N/A       100%        5
 Conjure Ball Lightning   Conj/Air       0%         3x3d6     100%        6
 Dispersal                Tloc           0%         N/A       100%        6
 Enfeeble                 Hex            0%         N/A       100%        7
 Orb of Destruction       Conj           0%         9d5       100%        7
 Storm Form               Tmut/Air       0%         N/A       100%        7
 Disjunction              Tloc           0%         N/A       100%        8
 Maxwell's Capacitive Co  Air            0%         ∞         100%        8


Dungeon Overview and Level Annotations

Branches:
Dungeon (13/15)            Temple (1/1) D:7            Lair (0/6) D:9
    Orc (0/2) D:11
 Vaults: D:13-14

Altars:
Ashenzari
Cheibriados
Dithmenos
Elyvilon
Fedhas
Gozag
Hepliaklqana
Kikubaaqudgha
Makhleb
Nemelex Xobeh
Okawaru
Qazlal
Ru
Sif Muna
Trog
Uskayaw
Vehumet
Wu Jian
Xom
Yredelemnul
Zin
The Shining One

Shops:
D:2 [   D:8 *   D:9 (=   D:12 *


Innate Abilities, Weirdness & Mutations

Your life essence is reduced to manifest your ancestor. (-10% HP)
You are too large for most types of armour.
You have claws for hands.
Your natural rate of healing is unusually fast.
You are covered in fur. (AC +1)
You have tough skin. (AC +1)


Message History

Things that are here:
a +0 dagger; a +1 robe of willpower; an orc corpse You swap places.
Things that are here:
a +0 dagger; a +1 robe of willpower; an orc corpse A gargoyle comes into view.
It is wielding a +3 flail.
The gargoyle barely misses you.
You barely miss the gargoyle.
Your +5 spectral giant spiked club hits the gargoyle!!
Manelesi casts a spell at the gargoyle.
The stone arrow hits the gargoyle!
The gargoyle is destroyed!
You see here a +3 flail.
You can't carry that many items.
You drop a +2 dagger of venom.
Z - a +3 flail You open the door.
There is an open door here.
You open the door.
There is an open door here.
Found a stone staircase leading down.
You open the door.
There is an open door here.
You swap places.
There is an open door here.
You open the door.
Found a war axe.
There is an open door here.
You see here a +0 war axe.
Found a pair of boots.
A centaur warrior comes into view.
The centaur warrior shouts!
The centaur warrior wields a +0 longbow.
The centaur warrior shoots an arrow.
The arrow hits you!!
The centaur warrior shoots an arrow.
The arrow hits you!!
The centaur warrior shoots an arrow.
The arrow hits you.
The centaur warrior shoots an arrow.
The arrow hits you!!
* * * LOW HITPOINT WARNING * * *
The centaur warrior shoots an arrow.
The arrow hits you!!
You die...

######################
#....@R...............
#c.................)..
#.....................
#.....................
######..##.#####....##
#...######.##.#####'##
#...........'.......#.
#...........#.......#.
#...........#.......#.


You could see the friendly Manelesi the battlemage and a centaur warrior.

Vanquished Creatures
  A centaur warrior (D:8)
  2 two-headed ogres
  A tengu warrior (D:12)
  An orc knight (D:12)
  A manticore (D:11)
  A cyclops (D:12)
  A gargoyle (D:12)
  An efreet (D:9)
  An unseen horror (D:10)
  A troll (D:9)
  A dream sheep (shapeshifter) (D:9)
  17 yaks
  A shadow (D:10)
  The ghost of issech the Cudgeller, an amateur TrMo (D:3)
  A vampire (D:11)
  A wraith (D:12)
  2 basilisks
  4 wyverns
  7 vampire mosquitoes
  Menkaure (D:5)
  A redback simulacrum (D:11)
  An acid dragon (D:6)
  6 water moccasins
  Duvessa (D:7)
  4 orc warriors
  5 black bears
  3 ice beasts
  3 necrophages
  4 ogres
  8 centaurs
  2 kobold brigands
  4 gnoll sergeants
  3 bullfrogs
  A scorpion (D:6)
  2 wyvern skeletons
  Dowan (D:7)
  A water moccasin skeleton (D:4)
  4 wights (D:9)
  2 killer bees (D:8)
  A howler monkey (D:3)
  9 orc priests
  A gnoll shaman (D:7)
  A jelly (D:7)
  A centaur skeleton (D:6)
  Crazy Yiuf (D:7)
  4 hounds
  4 iguanas
  Terence (D:2)
  15 orc wizards
  A killer bee zombie (D:8)
  A hound skeleton (D:5)
  A howler monkey zombie (D:9)
  18 gnolls
  7 adders
  2 howler monkey skeletons
  2 shadow imps
  An ufetubus (D:4)
  6 worms
  2 dart slugs
  43 orcs
  9 endoplasms
  A giant cockroach (D:2)
  9 goblins
  7 hobgoblins
  8 jackals
  12 kobolds
  3 quokkas
  4 ball pythons
  6 bats
  5 frilled lizards
  4 rats
293 creatures vanquished.

Vanquished Creatures (collateral kills)
  A manticore (D:13)
  A gargoyle (D:13)
  A kobold demonologist (D:12)
  A wyvern (D:9)
  3 yaks
  A basilisk (D:12)
  A sky beast (D:8)
  A killer bee (D:8)
  An electric eel (D:12)
  3 orc priests
  4 orc wizards
  7 gnolls
  6 orcs
  4 kobolds (D:8)
35 creatures vanquished.

Vanquished Creatures (others)
  2 battlemagi
  A fungus (D:9)
  4 plants (D:9)
7 creatures vanquished.

Grand Total: 335 creatures vanquished

Notes
Turn   | Place    | Note
-------+----------+-------------------------------------------
     0 | D:1      | issech the Troll Monk began the quest for the Orb.
     0 | D:1      | Reached XP level 1. HP: 22/22 MP: 0/0
   170 | D:1      | Reached XP level 2. HP: 26/29 MP: 1/1
   210 | D:1      | Found a faded altar of an unknown god.
   259 | D:1      | Reached skill level 3 in Maces & Flails
   829 | D:2      | Reached XP level 3. HP: 36/36 MP: 2/2
  1222 | D:2      | Reached XP level 4. HP: 32/44 MP: 3/3
  1403 | D:2      | Noticed Terence
  1420 | D:2      | Killed Terence
  1582 | D:2      | Found Hopysof's Antique Armour Boutique.
  1957 | D:3      | Reached XP level 5. HP: 31/53 MP: 4/4
  2139 | D:3      | Found a transporter.
  2139 | D:3      | Noticed issech's ghost (amateur TrMo)
  2246 | D:3      | Noticed an ogre
  2247 | D:3      | Noticed an ogre
  2250 | D:3      | Found a transporter.
  2607 | D:3      | Killed an ogre
  2608 | D:3      | Reached skill level 4 in Maces & Flails
  2631 | D:3      | HP: 2/53 [issech's ghost (8)]
  2685 | D:3      | Killed an ogre
  2686 | D:3      | Reached skill level 1 in Staves
  2686 | D:3      | Reached XP level 6. HP: 43/61 MP: 5/5
  2722 | D:3      | Killed issech's ghost
  2830 | D:3      | Reached XP level 7. HP: 43/68 MP: 6/6
  2923 | D:4      | Found a sparkling altar of Nemelex Xobeh.
  2979 | D:4      | Reached skill level 5 in Maces & Flails
  3198 | D:4      | Reached skill level 6 in Maces & Flails
  3198 | D:4      | Reached XP level 8. HP: 51/78 MP: 7/7
  3759 | D:5      | Entered Level 5 of the Dungeon
  3870 | D:5      | Noticed Menkaure
  3908 | D:5      | HP: 3/79 [poisoned by an adder]
  3913 | D:5      | HP: 2/79 [poisoned by an adder]
  4016 | D:5      | Killed Menkaure
  4136 | D:5      | Reached skill level 7 in Maces & Flails
  4362 | D:5      | Found a glowing silver altar of Zin.
  5221 | D:6      | Reached skill level 8 in Maces & Flails
  5221 | D:6      | Reached XP level 9. HP: 72/87 MP: 8/8
  5295 | D:6      | Reached skill level 5 in Fighting
  5541 | D:6      | Reached skill level 1 in Armour
  5727 | D:6      | Reached skill level 5 in Dodging
  6119 | D:7      | Noticed Dowan
  6123 | D:7      | Killed Dowan
  6139 | D:7      | Reached skill level 9 in Maces & Flails
  6157 | D:7      | Noticed Duvessa
  6167 | D:7      | Killed Duvessa
  6232 | D:7      | Got Rozaostu's Tome of Warped Poisoning
  6415 | D:7      | Noticed a two-headed ogre
  6426 | D:7      | Killed a two-headed ogre
  6427 | D:7      | Reached XP level 10. HP: 42/98 MP: 9/9
  6468 | D:7      | Found a staircase to the Ecumenical Temple.
  6533 | Temple   | Entered the Ecumenical Temple
  6775 | Temple   | Became a worshipper of Hepliaklqana the Forgotten
  6775 | Temple   | Reached * piety under Hepliaklqana
  6775 | Temple   | Reached ** piety under Hepliaklqana
  6776 | Temple   | Remembered your ancestor Manelesi as a battlemage
  6830 | D:7      | Reached skill level 10 in Maces & Flails
  7146 | D:7      | Identified a scroll of acquirement
  7146 | D:7      | Acquired a +0 spectral giant spiked club
  7181 | D:7      | Found a runed translucent door.
  7182 | D:7      | Noticed Crazy Yiuf
  7187 | D:7      | Killed Crazy Yiuf
  7743 | D:8      | Identified the +2 falchion "Joapacij" {venom, Int+2}
  7746 | D:8      | Found Jivowk's Demolitions Depot.
  7852 | D:8      | Reached *** piety under Hepliaklqana
  7972 | D:8      | Noticed a centaur warrior
  7979 | D:8      | Killed a centaur warrior
  7980 | D:8      | Reached skill level 11 in Maces & Flails
  8424 | D:8      | Identified the +0 chain mail of Xuruapra {Int+2}
  8651 | D:9      | Noticed a two-headed ogre
  8655 | D:9      | Reached XP level 11. HP: 76/96 MP: 10/10
  8660 | D:9      | Killed a two-headed ogre
  9039 | D:9      | Noticed a fire crab
  9087 | D:9      | Reached skill level 12 in Maces & Flails
  9142 | D:9      | Noticed a fire crab
  9146 | D:9      | a fire crab changed into a dream sheep
  9282 | D:9      | Found a staircase to the Lair.
  9377 | D:9      | You fall into a shaft and drop 3 floors!
  9453 | D:12     | Reached **** piety under Hepliaklqana
  9722 | D:10     | Entered Level 10 of the Dungeon
  9862 | D:10     | Found a shimmering altar of Xom.
  9978 | D:9      | Found Nentudgh's One-of-a-Kind Rings.
  9998 | D:9      | Identified the +9 hunting sling of Soriuwki {venom, Dex+4}
 10061 | D:9      | Found Buufer's Antique Weapon Boutique.
 10499 | D:10     | Reached skill level 13 in Maces & Flails
 10935 | D:11     | Found a staircase to the Orcish Mines.
 11482 | D:12     | Reached ***** piety under Hepliaklqana
 11824 | D:12     | Found Aheamif's Gadget Gallery.
 11920 | D:12     | Reached skill level 5 in Armour
 11929 | D:12     | Reached XP level 12. HP: 80/106 MP: 11/11
 11930 | D:12     | Noticed a tengu warrior
 11941 | D:12     | Killed a tengu warrior
 12779 | D:13     | Noticed a centaur warrior
 12782 | D:13     | Shot with an arrow by a centaur warrior

Illustrated notes

Levels and vault maps discovered:
D:1:      lemuel_arrival_broad_hall, layout_loops_ring,
          shapermc_ecumenical_altar_totnotflames
D:2:      layout_basic, serial_shops, shop, uniq_terence
D:3:      layout_rooms, gammafunk_ghost_smash, hex_intersection
D:4:      layout_gridville, nemelex_dance_club_becter, minmay_starry_boxes
D:5:      layout_basic, kennysheep_little_box, uniq_menkaure
D:6:      layout_rooms, serial_glass, glass_columns_b, glass_columns_a,
          minmay_crystal_water
D:7:      layout_loops_ring, minmay_temple_entry_statues, grunt_ministairs_15,
          minmay_misc_feat_columns, uniq_crazy_yiuf_cottage, uniq_duvessa
D:8:      layout_gridville, nicolae_blasting_shop, grunt_potential
D:9:      layout_gridville, minmay_lair_entry_grove, serial_shops,
          kennysheep_mini_moat, nicolae_shop_unique_rings, minivault_20
D:10:     layout_roguey, lemuel_doored_altar, amcnicky_mini_pool_small
D:11:     layout_long_grid, orc_0_dummy
D:12:     minmay_open_boxes_in_corner, layout_long_grid, minivault_4,
          nicolae_shop_gadgets
D:13:     layout_gridville, corner_web_ring, lightli_corner_chamber
Temple:   mainiacjoe_temple_bowtie_tessellation

Skill      XL: |  1  2  3  4  5  6  7  8  9 10 11 12 |
---------------+-------------------------------------+-----
Maces & Flails | 3 4 6 8 9 11 13 | 13.8
Dodging        | 3 4 5 6 |  6.3
Fighting       | 3 4 5 6 7 |  7.6
Staves         | 1 2 |  2.0
Stealth        | 2 3 |  3.0
Armour         | 2 4 5 |  5.3

Action                   |  1- 3 |  4- 6 |  7- 9 | 10-12 || total
-------------------------+-------+-------+-------+-------++-------
Melee: Mace              |   111 |    39 |       |       ||   150
       Punch             |     1 |       |       |       ||     1
       Flail             |       |    13 |       |       ||    13
       Quarterstaff      |       |    18 |       |       ||    18
       Great mace        |       |    23 |   252 |    38 ||   313
       Giant spiked club |       |       |       |   180 ||   180
Throw: Stone             |     1 |     1 |       |       ||     2
Invok: Ancestor Life: Ba |       |       |       |     1 ||     1
       Recall Ancestor   |       |       |       |     1 ||     1
  Use: Scroll            |       |     3 |    11 |    11 ||    25
 Stab: Sleeping          |     2 |     3 |     2 |     1 ||     8
       Distracted        |       |       |       |     1 ||     1
Armor: Robe              |    49 |    30 |    41 |       ||   120
       Acid dragon scale |       |       |    72 |    96 ||   168
Dodge: Dodged            |    52 |    75 |   193 |   165 ||   485
